 Dungeon Sprint DCSS version 0.29.1-15-g9cfb28693d (webtiles) character file.

Game seed: 601800855865965189

1504 boopmooplesden the Stickfighter (level 8, -3/79 HPs)
             Began as a Minotaur Gladiator on Mar 10, 2023.
             Was a Believer of Trog.
             Slain by a catoblepas (16 damage)
             ... in the Dungeon (Sprint IX: "|||||||||||||||||||||||||||||").
             The game lasted 00:01:39 (943 turns).

boopmooplesden the Stickfighter (Minotaur Gladiator) Turns: 943, Time: 00:01:40

Health: -3/79      AC: 13    Str: 25    XL:     8   Next: 52%
Magic:  7/7        EV: 12    Int:  8    God:    Trog [**....]
Gold:   0          SH:  0    Dex: 11    Spells: 7/7 levels left

rFire   . . .      SeeInvis .   l - +4 quarterstaff (spect)
rCold   . . .      Faith    .   (shield currently unavailable)
rNeg    . . .      Spirit   .   n - +1 chain mail
rPois   .          Reflect  .   c - +0 hat
rElec   .          Harm     .   (no cloak)
rCorr   .          Rampage  .   m - +0 pair of gloves
Will    .....      NoTele   +   (no boots)
Stlth   ..........              (no amulet)
HPRegen 0.23/turn               p - +3 ring of strength
MPRegen 0.10/turn               o - +3 ring of intelligence

@: lethally poisoned (-3 -> -11), on berserk cooldown, slowed, very slow
A: horns 2, retaliatory headbutt
a: Renounce Religion, Berserk, Trog's Hand


You were in the Dungeon.
You worshipped Trog.
Trog was pleased with you.
You visited 1 branch

Inventory:

Hand Weapons
 a - a +0 quarterstaff
 l - a +4 spectral quarterstaff (weapon)
Missiles
 d - 3 throwing nets (quivered)
 e - a javelin
Armour
 b - a +0 leather armour
 c - a +0 hat (worn)
 m - a +0 pair of gloves (worn)
 n - a +1 chain mail (worn)
Jewellery
 o - a +3 ring of intelligence (right hand)
 p - a +3 ring of strength (left hand)
Wands
 j - a wand of roots (10)
Scrolls
 k - a scroll of blinking
Potions
 f - 5 potions of curing
 h - a potion of invisibility
 i - 4 potions of magic


   Skills:
 + Level 9.6 Fighting
 + Level 15.4 Staves
 + Level 4.8 Throwing
 + Level 8.3 Armour
 + Level 10.1 Dodging
 + Level 0.1 Stealth


You had 7 spell levels left.
You didn't know any spells.
Your spell library was empty.

Dungeon Overview and Level Annotations

Branches:
Dungeon (1/1)

Altars:
Cheibriados
Dithmenos
Elyvilon
Fedhas
Gozag
Hepliaklqana
Kikubaaqudgha
Makhleb
Nemelex Xobeh
Okawaru
Qazlal
Ru
Sif Muna
Trog
Uskayaw
Vehumet
Wu Jian
Xom
Yredelemnul
Zin
The Shining One
Jiyva
Lugonu


Innate Abilities, Weirdness & Mutations

You have a pair of horns on your head.
You reflexively headbutt those who attack you in melee.


Message History

You hit the catoblepas. You headbutt the catoblepas.
The catoblepas is lightly wounded.
You are engulfed in calcifying dust.
Your limbs have turned to stone.
You feel sick.
The catoblepas breathes a plume of calcifying dust at you.
The blast of calcifying dust hits you but does no damage.
You have turned to stone.
You are engulfed in calcifying dust.
The catoblepas gores you but does no damage.
You are engulfed in calcifying dust.
The catoblepas gores you but does no damage.
You are engulfed in calcifying dust.
The catoblepas gores you but does no damage.
The catoblepas breathes a plume of calcifying dust at you.
The blast of calcifying dust hits you.
You are engulfed in calcifying dust.
You are no longer berserk.
You feel yourself slow down. The catoblepas gores you!!
You are engulfed in calcifying dust.
The catoblepas gores you.
You are engulfed in calcifying dust.
The catoblepas gores you!!
You are engulfed in calcifying dust.
The catoblepas gores you but does no damage.
The tengu conjurer gestures wildly while chanting.
The tengu conjurer blinks!
You turn to flesh and can move again.
You hit the catoblepas but do no damage.
The catoblepas is lightly wounded.
You feel very sick. The catoblepas gores you!
* * * LOW HITPOINT WARNING * * *
You barely miss the catoblepas.
You headbutt the catoblepas, but do no damage.
The catoblepas is lightly wounded.
You feel sick.
The tengu conjurer is engulfed in calcifying dust.
The tengu conjurer is moving more slowly.
The tengu conjurer hits you but does no damage.
The tengu conjurer pecks you but does no damage.
The tengu conjurer barely misses you. The catoblepas gores you!
You die...

▓.▓
▓'▓
▓.▓
▓.▓
▓§▓
▓§▓
▓.▓
▓Q▓
▓@▓
▓Y▓
▓H▓
▓D▓
▓T▓
▓*▓
▓.▓
▓+▓


You could see a catoblepas, a six-headed hydra, a manticore, a troll, a tengu
conjurer (petrifying) and a battlesphere (distracted).

Vanquished Creatures
  An ugly thing (D)
  A gargoyle (D)
  A troll (D)
  A hornet (D)
  A steam dragon (D)
  An orc warrior (D)
  An ogre (D)
  A killer bee (D)
  An iguana (D)
  An adder (D)
  A shadow imp (D)
  An orc (D)
  A ball python (D)
  An endoplasm (D)
  A goblin (D)
  A bat (D)
  A kobold (D)
17 creatures vanquished.

Notes
Turn   | Place    | Note
-------+----------+-------------------------------------------
     0 | D        | boopmooplesden the Minotaur Gladiator began the quest for
                  | the Orb.
     0 | D        | Reached XP level 1. HP: 18/18 MP: 0/0
    12 | D        | Reached skill level 4 in Staves
   184 | D        | Noticed an ogre
   184 | D        | Noticed an iguana
   189 | D        | Killed an ogre
   190 | D        | Reached skill level 7 in Staves
   190 | D        | Reached XP level 2. HP: 17/28 MP: 1/1
   190 | D        | Reached XP level 3. HP: 21/34 MP: 2/2
   190 | D        | Reached XP level 4. HP: 26/41 MP: 3/3
   193 | D        | Reached skill level 8 in Staves
   196 | D        | Reached XP level 5. HP: 30/47 MP: 4/4
   361 | D        | Found a snail-covered altar of Cheibriados.
   361 | D        | Found a shadowy altar of Dithmenos.
   361 | D        | Found a white marble altar of Elyvilon.
   361 | D        | Found a blossoming altar of Fedhas.
   361 | D        | Found an opulent altar of Gozag.
   362 | D        | Found a hazy altar of Hepliaklqana.
   363 | D        | Found a viscous altar of Jiyva.
   364 | D        | Found an ancient bone altar of Kikubaaqudgha.
   365 | D        | Found a corrupted altar of Lugonu.
   366 | D        | Found a burning altar of Makhleb.
   367 | D        | Found a sparkling altar of Nemelex Xobeh.
   368 | D        | Found an iron altar of Okawaru.
   369 | D        | Found a stormy altar of Qazlal.
   370 | D        | Found a sacrificial altar of Ru.
   371 | D        | Found a shimmering blue altar of Sif Muna.
   372 | D        | Found a bloodstained altar of Trog.
   373 | D        | Found a hide-covered altar of Uskayaw.
   374 | D        | Found a radiant altar of Vehumet.
   375 | D        | Found an ornate altar of the Wu Jian Council.
   376 | D        | Found a shimmering altar of Xom.
   377 | D        | Found a basalt altar of Yredelemnul.
   378 | D        | Found a glowing silver altar of Zin.
   379 | D        | Found a glowing golden altar of the Shining One.
   380 | D        | Became a worshipper of Trog the Wrathful
   426 | D        | Noticed a troll
   426 | D        | Noticed a steam dragon
   426 | D        | Noticed an orc warrior
   426 | D        | Noticed a hornet
   426 | D        | Noticed a gargoyle
   433 | D        | Killed a troll
   434 | D        | Reached skill level 11 in Staves
   434 | D        | Reached XP level 6. HP: 5/58 MP: 5/5
   452 | D        | Killed a steam dragon
   453 | D        | Reached skill level 12 in Staves
   453 | D        | Reached skill level 5 in Armour
   457 | D        | Killed an orc warrior
   457 | D        | Reached * piety under Trog
   458 | D        | Reached XP level 7. HP: 40/66 MP: 6/6
   462 | D        | Killed a hornet
   463 | D        | Reached skill level 13 in Staves
   475 | D        | Killed a gargoyle
   475 | D        | Reached ** piety under Trog
   476 | D        | Reached skill level 14 in Staves
   476 | D        | Reached XP level 8. HP: 29/78 MP: 7/7
   924 | D        | Noticed a green ugly thing
   924 | D        | Noticed a catoblepas
   924 | D        | Noticed a manticore
   924 | D        | Noticed a tengu conjurer
   924 | D        | Noticed a six-headed hydra
   924 | D        | Noticed a troll
   931 | D        | Killed a green ugly thing
   932 | D        | Reached skill level 15 in Staves
   932 | D        | Reached skill level 10 in Dodging
   943 | D        | Slain by a catoblepas

Illustrated notes

Levels and vault maps discovered:
D:        linesprint [early_d, line_temple, items_1, d_10, items_2, lair_1,
          lair_end, items_3, orc_1, orc_end, items_4, d_15, swamp_1, shoals_1,
          snake_1, spider_1, d_20, vaults_1, items_5, swamp_end, shoals_end,
          snake_end, spider_end, vaults_end, d_27, items_6, zot_1, zot_end,
          crypt_end, forest_end, elf_end, slime_end, tomb_end, abyss_end,
          pan_hell_end]

Skill      XL: |  1  2  3  4  5  6  7  8 |
---------------+-------------------------+-----
Staves         | 7 8 11 12 14 15 | 15.4
Dodging        | 6 8 9 10 | 10.1
Fighting       | 4 6 7 9 |  9.6
Throwing       | 3 4 |  4.8
Armour         | 2 4 5 7 8 |  8.3
Stealth        | |  0.1

Action                   |  1- 3 |  4- 6 |  7- 9 || total
-------------------------+-------+-------+-------++-------
Melee: Quarterstaff      |    15 |    19 |    25 ||    59
       Headbutt          |     1 |     5 |     7 ||    13
Invok: Berserk           |       |       |     2 ||     2
  Use: Potion            |     1 |     4 |       ||     5
       Scroll            |       |     1 |       ||     1
Armor: Leather armour    |     4 |       |       ||     4
       Chain mail        |       |     7 |    12 ||    19
Dodge: Dodged            |     5 |     5 |     7 ||    17
